 Dungeon Crawl Stone Soup version 0.27-a0-223-ge082b6e869 (webtiles) character file.

Game seed: 11155040271128238486

106 sahdkjhfkaj the Gusty (level 4, -1/36 HPs)
             Began as a Tengu Air Elementalist on Feb 2, 2021.
             Succumbed to an orc wizard's poison
             ... on level 2 of the Dungeon.
             The game lasted 00:05:06 (2958 turns).

sahdkjhfkaj the Gusty (Tengu Air Elementalist)      Turns: 2958, Time: 00:05:07

Health: -1/36      AC: 22    Str:  9    XL:     4   Next: 84%
Magic:  8/8        EV:  2    Int: 16    God:
Gold:   165        SH:  0    Dex: 14    Spells: 1/7 levels left

rFire    . . .     SeeInvis .   b - -3 dagger
rCold    . . .     Faith    .   (no shield)
rNeg     + + +     Spirit   .   (armour currently unavailable)
rPois    +         Reflect  .   (helmet currently unavailable)
rElec    .         Harm     .   (cloak currently unavailable)
rCorr    .         Rampage  .   (gloves currently unavailable)
Will     .....     NoTele   +   (boots unavailable)
Stlth    +.........             (no amulet)
HPRegen  0.12/turn              d - ring of flight
MPRegen  0.11/turn              (no ring)

@: confused, lethally poisoned (-1 -> -28), tree-form
A: no striking features
a: no special abilities


You were on level 2 of the Dungeon.
You were a tree.
You visited 1 branch of the dungeon, and saw 3 of its levels.

You collected 165 gold pieces.

Inventory:

Hand Weapons
 b - a -3 dagger (weapon)
   (You found it on level 1 of the Dungeon)
Armour
 a - a +0 robe (melded)
 m - a +0 cloak
   (You found it on level 2 of the Dungeon)
Jewellery
 d - a ring of flight (left branch)
   (You found it on level 2 of the Dungeon)
Scrolls
 e - 2 scrolls of random uselessness {unknown}
 h - a scroll of magic mapping {unknown}
 i - a scroll of teleportation {@r4}
 j - a scroll of remove curse {@r2}
 k - a scroll of fear {unknown}
Potions
 c - a potion of mutation {unknown}
 l - a potion of attraction {unknown}
 n - a potion of might {unknown}


   Skills:
 - Level 2.1 Dodging
 - Level 2.0 Stealth
 - Level 2.0 Spellcasting
 + Level 5.1 Conjurations
 + Level 5.1 Air Magic


You had one spell level left.
You knew the following spells:

 Your Spells              Type           Power        Failure   Level
a - Shock                 Conj/Air       68%          2%          1
d - Static Discharge      Conj/Air       17%          8%          3
s - Swiftness             Air            17%          3%          2

Your spell library contained the following spells:

 Spells                   Type           Power        Failure   Level
 Airstrike                Air            8%           26%         4
 Lightning Bolt           Conj/Air       8%           56%         5


Dungeon Overview and Level Annotations

Branches:
Dungeon (3/15)

Altars:
Makhleb


Innate Abilities, Weirdness & Mutations

((You have a beak for a mouth.))
((You have claws for feet.))


Message History

The gnoll hits you but does no damage.
Unknown command.
Unknown command.
You bump into the rock wall.
The orc wizard gestures at you while chanting.
You resist with some effort. The gnoll hits you with a +0 club.
Unknown command.
You barely miss the orc wizard. Your kick misses the orc wizard.
The orc wizard casts a spell at you.
You are more confused.
The gnoll hits you with a +0 club.
You bump into the rock wall.
The orc wizard gestures at you while chanting.
You are more confused.
The gnoll hits you but does no damage.
Unknown command.
You bump into the rock wall.
The orc wizard gestures at itself while chanting.
The orc wizard flickers and vanishes!
Deactivating autopickup; reactivate with Ctrl-A.
The gnoll hits you with a +0 club.
Unknown command.
You bump into the rock wall.
Something hits you.
* * * LOW HITPOINT WARNING * * *
You are poisoned.
The gnoll barely misses you.
You feel sick.
Unknown command.
Unknown command.
Unknown command.
You are too confused!
You're too confused to move!
You feel sick. The gnoll closely misses you. Something hits you.
* * * LOW HITPOINT WARNING * * *
You are more poisoned.
Unknown command.
You completely miss something. Your peck misses something.
* * * LOW HITPOINT WARNING * * *
You feel sick. The gnoll barely misses you. Something hits you.
* * * LOW HITPOINT WARNING * * *
You are more poisoned.
Really quaff
g - a potion of lignification {!q}?
Okay, then.
Really quaff
g - a potion of lignification {!q}?
Really quaff the potion of lignification?
You turn into a tree.
Your +0 robe melds into your body.
Your roots penetrate the ground.
You die...

................#
................#
................####
.#####.............#
.#####.............#
...................#
#...........########
#................#
##'###......)...♣##
...†............g{#
...#...#..........#
.......#..........#
..#....#..........#
.......#..........#
.......##'#######.#
...#...#....### #.#
.......#....(.# #.#


You could see a gnoll.

Vanquished Creatures
  A gnoll (D:3)
  3 adders (D:2)
  A worm (D:2)
  2 dart slugs (D:2)
  2 leopard geckos
  2 orcs (D:3)
  6 bats
  A giant cockroach (D:2)
  9 goblins
  5 hobgoblins
  10 jackals
  2 ball pythons (D:1)
  4 frilled lizards
  2 kobolds
  8 rats
  4 toadstools (D:1)
62 creatures vanquished.

Notes
Turn   | Place    | Note
-------+----------+-------------------------------------------
     0 | D:1      | sahdkjhfkaj the Tengu Air Elementalist began the quest for
                  | the Orb.
     0 | D:1      | Reached XP level 1. HP: 10/10 MP: 4/4
   280 | D:1      | Reached XP level 2. HP: 15/15 MP: 0/6
   338 | D:1      | Learned a level 2 spell: Swiftness
   789 | D:1      | Reached XP level 3. HP: 19/19 MP: 3/7
   793 | D:1      | Learned a level 3 spell: Static Discharge
  1605 | D:2      | Found a burning altar of Makhleb.
  1612 | D:2      | Reached XP level 4. HP: 24/24 MP: 6/8
  2713 | D:3      | Reached skill level 5 in Air Magic
  2716 | D:3      | Reached skill level 5 in Conjurations
  2957 | D:2      | HP: 1/24 [something (2)]
  2958 | D:2      | Succumbed to an orc wizard's poison

Illustrated notes

Levels and vault maps discovered:
D:1:      ldierk_water_garden, layout_basic
D:2:      minmay_evil_eye, layout_basic, bloody_makhleb
D:3:      layout_rooms, yredelemnul_altar_generic

Skill      XL: |  1  2  3  4 |
---------------+-------------+-----
Conjurations   | 2 3 4 5 |  5.1
Air Magic      | 5 |  5.1
Dodging        | |  2.1
Stealth        | |  2.0
Spellcasting   | |  2.0

Action                   |  1- 3 |  4- 6 || total
-------------------------+-------+-------++-------
Melee: Unarmed           |     4 |       ||     4
       Kick              |     2 |       ||     2
       Peck              |     2 |       ||     2
       Dagger            |     1 |     2 ||     3
 Cast: Shock             |    64 |    48 ||   112
  Use: Potion            |     1 |     2 ||     3
       Scroll            |       |     4 ||     4
Armor: Robe              |     1 |     1 ||     2
Dodge: Dodged            |    11 |     9 ||    20

Table legend: (Time is in decaauts)
 A = Elapsed time spent in this place.
 B = Non-inter-level travel time spent in this place.
 C = Inter-level travel time spent in this place.
 D = Time resting spent in this place.
 E = Time spent auto-exploring this place.
 F = Levels seen in this place.
 G = Mean time per level.
                   A        B        C        D        E       F      G
               +--------+--------+--------+--------+--------+-----+--------+
         Total |   2959 |   2848 |    111 |    123 |   2362 |   3 |  986.3 |
       Dungeon |   2959 |   2848 |    111 |    123 |   2362 |   3 |  986.3 |
               +--------+--------+--------+--------+--------+-----+--------+

Top non-repeatable levels by time:
     D:2: 1798 daAuts
     D:1: 1086 daAuts
     D:3: 74 daAuts
